 Dungeon Crawl Stone Soup version 0.31.0-9-g3a7656b989 (webtiles) character file.

Game seed: 2482176426583807559

1896 qw the Skirmisher (level 8, -1/40 HPs)
             Began as a Spriggan Hunter on Feb 2, 2024.
             Was a Priest of Okawaru.
             Incinerated by a bombardier beetle (3 damage)
             ... with a burning spray
             ... on level 6 of the Dungeon.
             The game lasted 00:00:22 (3476 turns).

qw the Skirmisher (Spriggan Hunter)                 Turns: 3476, Time: 00:00:23

Health: -1/40      AC:  3    Str: 10    XL:     8   Next: 93%
Magic:  12/12      EV: 29    Int: 12    God:    Okawaru [***...]
Gold:   305        SH:  0    Dex: 21    Spells: 7/7 levels left

rFire   . . .        a - +1 shortbow
rCold   . . .        (shield currently unavailable)
rNeg    . . .        c - +0 robe
rPois   .            n - +1 hat
rElec   .            (no cloak)
rCorr   .            (gloves unavailable)
SInv    +            (boots unavailable)
Will    +....        g - amulet of regeneration
Stlth   +            e - ring "Buigril" {EV+5 Str+3 Int+2}
HPRegen 1.06/turn    (no ring)
MPRegen 0.13/turn

%: no passive effects
@: on fire, glowing, very quick
A: very small, no large weapons, unfitting armour, see invisible, speed 3
a: Renounce Religion, Heroism


You were on level 6 of the Dungeon.
You worshipped Okawaru.
Okawaru was most pleased with you.
You visited 2 branches of the dungeon, and saw 7 of its levels.

You collected 305 gold pieces.


Innate Abilities, Weirdness & Mutations

You are very small and have problems with some larger weapons.
You are too small for most types of armour.
You have supernaturally acute eyesight. (SInv)
You cover ground extremely quickly. (Speed+++)


   Skills:
 - Level 3.0 Fighting
 - Level 9.3 Ranged Weapons
 + Level 8.4 Dodging
 - Level 1.5 Stealth
 - Level 4.1 Invocations


You had 7 spell levels left.
You didn't know any spells.
Your spell library was empty.

Inventory:

Hand Weapons
 a - a +1 shortbow (weapon)
Armour
 c - a +0 robe (worn)
 n - a +1 hat (worn)
 s - a +0 troll leather armour
Jewellery
 e - the ring "Buigril" (left hand) {EV+5 Str+3 Int+2}
   (You found it on level 3 of the Dungeon)

   [ring of evasion]

   EV+5:      It affects your evasion (+5).
   Str+3:     It affects your strength (+3).
   Int+2:     It affects your intelligence (+2).
 g - an amulet of regeneration (around neck)
 l - a ring of ice
 q - a +4 ring of slaying {mikee}
Wands
 h - a wand of quicksilver (15)
 m - a wand of mindburst (15)
 o - a wand of flame (8)
Scrolls
 b - 4 scrolls of teleportation
 p - a scroll of poison {unknown}
Potions
 d - a potion of mutation
 f - 3 potions of curing
 i - a potion of enlightenment
 j - a potion of berserk rage {unknown}
 k - a potion of magic {unknown}
 r - a potion of resistance {unknown}

Dungeon Overview and Level Annotations

Branches:
Dungeon (6/15)             Temple (1/1) D:4

Altars:
Ashenzari
Cheibriados
Dithmenos
Fedhas
Kikubaaqudgha
Makhleb
Nemelex Xobeh
Okawaru
Qazlal
Trog
Uskayaw
Wu Jian
Xom
Yredelemnul
Zin
The Shining One

Shops:
D:5 :


Message History

The bombardier beetle sprays incendiary fluid at you.
The burning spray hits you.
You are covered in liquid fire!
You shoot an arrow. The arrow hits the bombardier beetle!
The bombardier beetle is heavily wounded.
The liquid fire burns you!
You shoot an arrow. The arrow hits the bombardier beetle.
The bombardier beetle is severely wounded.
The liquid fire burns you!
You shoot an arrow.
The arrow hits the bombardier beetle but does no damage.
The bombardier beetle is severely wounded.
The liquid fire burns you!
You shoot an arrow. The arrow hits the bombardier beetle.
The bombardier beetle is almost dead.
The liquid fire burns you!
The bombardier beetle sprays incendiary fluid at you.
The burning spray misses you.
You shoot an arrow.
The arrow hits the bombardier beetle but does no damage.
The bombardier beetle is almost dead.
The liquid fire burns you!
You shoot an arrow.
The arrow closely misses the bombardier beetle.
The liquid fire burns you!
You shoot an arrow. The arrow hits the bombardier beetle.
You kill the bombardier beetle!
Okawaru accepts your kill. The liquid fire burns you!
You are on fire!
The liquid fire burns you!
You are on fire!
The liquid fire burns you!
You are on fire!
The liquid fire burns you!
You are on fire!
The liquid fire burns you!
You are on fire!
The liquid fire burns you!
You die...

#....................#..
#................#####..
#................###....
#......##...............
..#......#######..........
..........## #..........
............# #..........
..........%.# #.......#..
....[.....)@#
..........#..
...........)#
..........#..
#######..%...
.........(....
#......).)..............
.................#......
.#................##.....
###............. #.....
....###..... #....


There were no monsters in sight!

Vanquished Creatures
  A troll (D:6)
  Edmund (D:5)
  A water moccasin (D:5)
  An ice beast (D:6)
  3 ogres
  A centaur (D:5)
  2 phantoms
  A bullfrog (D:6)
  3 scorpions (D:5)
  A howler monkey (D:6)
  2 bombardier beetles
  3 hounds
  4 sleepcaps
  4 iguanas
  4 orc wizards
  3 adders
  2 ufetubi (D:5)
  4 dart slugs
  2 ribbon worms
  11 orcs
  6 bats
  A bat zombie (D:3)
  3 endoplasms
  3 giant cockroaches
  7 goblins
  14 hobgoblins
  9 jackals
  3 quokkas
  4 ball pythons
  A frilled lizard (D:1)
  2 frilled lizard zombies (D:3)
  4 kobolds
  4 rats
115 creatures vanquished.

Notes
Turn   | Place    | Note
-------+----------+-------------------------------------------
     0 | D:1      | qw the Spriggan Hunter began the quest for the Orb.
     0 | D:1      | Reached XP level 1. HP: 10/10 MP: 2/2
     0 | D:1      | 0 ||| qw: Version: 0.3-a-155-g5e7d8dd
     0 | D:1      | 0 ||| qw: Game counter: 1780
     0 | D:1      | 0 ||| qw: Melee chars always use a shield: true
     0 | D:1      | 0 ||| qw: God list: Okawaru
     0 | D:1      | 0 ||| qw: Allow faded altars: false
     0 | D:1      | 0 ||| qw: Do Orc after clearing Dungeon:15 true
     0 | D:1      | 0 ||| qw: Do second Lair branch before Depths: true
     0 | D:1      | 0 ||| qw: Lair rune preference: random
     0 | D:1      | 0 ||| qw: Goals: Normal
     0 | D:1      | 0 ||| PLANNING D:1-11
    59 | D:1      | Reached skill level 3 in Dodging
   106 | D:1      | Reached XP level 2. HP: 14/14 MP: 3/3
   321 | D:1      | Reached XP level 3. HP: 18/18 MP: 4/4
   645 | D:1      | 645 ||| UPGRADING to amulet of regeneration.
   650 | D:1      | 650 ||| DROPPING ring of wizardry.
   651 | D:1      | 651 ||| READING 2 scrolls labelled APLUPPOLOD.
   651 | D:1      | 651 ||| IDENTIFYING viscous cyan potion
   652 | D:1      | 652 ||| READING scroll of identify.
   652 | D:1      | 652 ||| IDENTIFYING clear potion
   653 | D:1      | 653 ||| DRINKING 2 inky potions.
   654 | D:1      | 654 ||| DROPPING scroll of butterflies.
   655 | D:1      | 655 ||| DROPPING potion of brilliance.
   695 | D:2      | 695 ||| STAIRDANCE
   783 | D:2      | Reached skill level 5 in Ranged Weapons
   900 | D:2      | Found a snail-covered altar of Cheibriados.
   906 | D:2      | Reached XP level 4. HP: 22/22 MP: 5/5
   970 | D:2      | Found a faded altar of an unknown god.
  1098 | D:2      | 1098 ||| DROPPING ring of flight.
  1099 | D:2      | 1099 ||| READING scroll labelled GIYXTE RUAL.
  1103 | D:2      | 1103 ||| READING scroll labelled TUROIPTA MISENT.
  1104 | D:2      | 1104 ||| READING scroll labelled XUMUCZ RESUA.
  1104 | D:2      | 1104 ||| ENCHANTING +0 shortbow.
  1129 | D:3      | Identified the ring "Buigril" {EV+5 Str+3 Int+2}
  1297 | D:3      | Found an ancient bone altar of Kikubaaqudgha.
  1581 | D:3      | 1581 ||| UPGRADING to ring "Buigril" {EV+5 Str+3 Int+2}.
  1582 | D:3      | 1582 ||| READING scroll of identify.
  1582 | D:3      | 1582 ||| IDENTIFYING fuming green potion
  1583 | D:3      | 1583 ||| READING scroll labelled UMECLOU CUOR.
  1766 | D:4      | Found a glowing golden altar of the Shining One.
  2065 | D:4      | Noticed an ogre
  2066 | D:4      | 2066 ||| ZAPPING wand of quicksilver (19) at 7,-5 (ogre;
                  | floor).
  2067 | D:4      | 2067 ||| ZAPPING wand of quicksilver (18) at 6,-5 (ogre;
                  | floor).
  2067 | D:4      | Killed an ogre
  2068 | D:4      | Reached XP level 5. HP: 26/26 MP: 6/6
  2094 | D:4      | 2094 ||| RETREEEEATING.
  2097 | D:4      | 2097 ||| RETREEEEATING.
  2108 | D:4      | Reached skill level 6 in Ranged Weapons
  2120 | D:4      | Reached XP level 6. HP: 25/30 MP: 7/7
  2213 | D:4      | Found a staircase to the Ecumenical Temple.
  2215 | D:4      | 2215 ||| PLANNING TEMPLE
  2215 | D:4      | 2215 ||| UPGRADING to +1 hat.
  2220 | D:4      | 2220 ||| READING scroll labelled WUCVUGH URAE.
  2229 | Temple   | Entered the Ecumenical Temple
  2230 | Temple   | 2230 ||| PLANNING OKAWARU WORSHIP
  2255 | Temple   | Became a worshipper of Warmaster Okawaru
  2256 | Temple   | 2256 ||| PLANNING D:1-11
  2546 | D:5      | Entered Level 5 of the Dungeon
  2546 | D:5      | Noticed a water moccasin
  2547 | D:5      | 2547 ||| ZAPPING wand of flame (9) at 6,0 (water moccasin;
                  | floor).
  2548 | D:5      | 2548 ||| ZAPPING wand of quicksilver (17) at 5,0 (water
                  | moccasin; floor).
  2549 | D:5      | 2549 ||| ZAPPING wand of quicksilver (16) at 4,0 (water
                  | moccasin; floor).
  2549 | D:5      | Killed a water moccasin
  2550 | D:5      | Reached skill level 6 in Dodging
  2580 | D:5      | Reached * piety under Okawaru
  2581 | D:5      | Reached XP level 7. HP: 28/35 MP: 8/8
  2617 | D:5      | Reached skill level 1 in Invocations
  2630 | D:5      | Reached skill level 7 in Ranged Weapons
  2727 | D:5      | Noticed Edmund
  2738 | D:5      | 2738 ||| RETREEEEATING.
  2739 | D:5      | 2739 ||| RETREEEEATING.
  2741 | D:5      | 2741 ||| RETREEEEATING.
  2747 | D:5      | 2747 ||| RETREEEEATING.
  2748 | D:5      | 2748 ||| RETREEEEATING.
  2749 | D:5      | 2749 ||| RETREEEEATING.
  2750 | D:5      | 2750 ||| RETREEEEATING.
  2751 | D:5      | 2751 ||| RETREEEEATING.
  2752 | D:5      | 2752 ||| RETREEEEATING.
  2753 | D:5      | 2753 ||| RETREEEEATING.
  2754 | D:5      | 2754 ||| RETREEEEATING.
  2755 | D:5      | 2755 ||| RETREEEEATING.
  2756 | D:5      | 2756 ||| RETREEEEATING.
  2757 | D:5      | 2757 ||| RETREEEEATING.
  2759 | D:5      | 2759 ||| RETREEEEATING.
  2761 | D:5      | 2761 ||| RETREEEEATING.
  2763 | D:5      | 2763 ||| RETREEEEATING.
  2768 | D:5      | 2768 ||| RETREEEEATING.
  2769 | D:5      | 2769 ||| RETREEEEATING.
  2770 | D:5      | 2770 ||| RETREEEEATING.
  2771 | D:5      | 2771 ||| RETREEEEATING.
  2772 | D:5      | 2772 ||| RETREEEEATING.
  2773 | D:5      | 2773 ||| RETREEEEATING.
  2785 | D:5      | Reached skill level 3 in Invocations
  2820 | D:5      | Killed Edmund
  2820 | D:5      | Reached ** piety under Okawaru
  2846 | D:5      | Reached XP level 8. HP: 39/39 MP: 11/11
  2997 | D:5      | Reached skill level 8 in Ranged Weapons
  3006 | D:5      | Found Exzoc's Self-Improvement Boutique.
  3129 | D:5      | 3129 ||| READING scroll of identify.
  3129 | D:5      | 3129 ||| IDENTIFYING emerald potion
  3130 | D:5      | 3130 ||| READING scroll labelled WOITUE ACIY.
  3231 | D:5      | 3231 ||| DROPPING potion of degeneration.
  3263 | D:6      | 3263 ||| RETREEEEATING.
  3265 | D:6      | 3265 ||| RETREEEEATING.
  3383 | D:6      | Reached skill level 3 in Fighting
  3412 | D:6      | Noticed a troll
  3413 | D:6      | 3413 ||| INVOKING Heroism.
  3432 | D:6      | Killed a troll
  3433 | D:6      | Reached skill level 9 in Ranged Weapons
  3471 | D:6      | Reached *** piety under Okawaru
  3472 | D:6      | HP: 9/40 [burnt (4)]
  3474 | D:6      | HP: 3/40 [burnt (4)]
  3475 | D:6      | HP: 1/40 [burnt (4)]
  3476 | D:6      | Incinerated by a bombardier beetle

Levels and vault maps discovered:
D:1:      dreamdust_arrival_beginning_and_end, layout_loops_ring,
          minmay_misc_feat_iff
D:2:      layout_rooms, basic_altar, hellmonk_ecumenical_altar_heavens_door,
          grunt_ministairs_6
D:3:      layout_rooms, lemuel_zombie_altar_kikubaaqudgha, grunt_decor_junction
D:4:      layout_basic, nicolae_tso_swordbearing_angel, temple_hall,
          hellmonk_no_cap
D:5:      layout_basic, nicolae_shop_self_help, uniq_edmund
D:6:      layout_basic
Temple:   minmay_temple_curvy_branch

Skill      XL: |  1  2  3  4  5  6  7  8 |
---------------+-------------------------+-----
Dodging        | 3 4 5 6 7 8 |  8.4
Ranged Weapons | 5 6 7 9 |  9.3
Fighting       | 2 3 |  3.0
Invocations    | 3 4 |  4.1
Stealth        | |  1.5

Action                     |  1- 3 |  4- 6 |  7- 9 || total
---------------------------+-------+-------+-------++-------
   Fire: Shortbow          |   109 |   124 |   242 ||   475
 Invoke: Heroism           |       |       |     1 ||     1
  Evoke: Wand              |       |     5 |       ||     5
    Use: Scroll            |     2 |     6 |     2 ||    10
         Potion            |     1 |       |       ||     1
 Armour: Robe              |    18 |    16 |    29 ||    63
  Dodge: Dodged            |    35 |    48 |   181 ||   264

Table legend:
 A = Non-vault XP
 B = Vault XP
 C = Vault XP percentage of total XP
 D = Non-vault monster count
 E = Vault monster count
 F = Vault count percentage of total count
                 A         B        C        D         E       F
            +---------+---------+-------+---------+---------+-------
      Total |    2419 |     290 |  10.7 |     106 |       9 |   7.8
            +---------+---------+-------+---------+---------+-------
        D:1 |      48 |       0 |   0.0 |      25 |       0 |   0.0
        D:2 |      49 |       2 |   3.9 |      18 |       1 |   5.3
        D:3 |      42 |       4 |   8.7 |      15 |       3 |  16.7
        D:4 |     169 |     120 |  41.5 |      10 |       4 |  28.6
        D:5 |    1162 |     164 |  12.4 |      23 |       1 |   4.2
        D:6 |     949 |       0 |   0.0 |      15 |       0 |   0.0
            +---------+---------+-------+---------+---------+-------
